Construct Infanterie Kompanie
Infanterie Officer Quarters
Selects Luftwaffe Battlegroup
Selects Luftwaffe Pioneer Support
Selects Stuka Strafing Run
Selects Fallschirmjäger Squad Paradrop
Fallschirmjäger Squad Paradrop
Construct Luftwaffe Kompanie
Selects LG40 Recoilless Gun Paradrop
Fallschirmjäger Squad Paradrop
Luftwaffe Officer Quarters
LG40 Recoilless Gun Paradrop
Construct Panzer Kompanie
Selects Infantry Reserves